Map: Eternal Empire LE

Players

Maru - Winner!

  • Race: Terran Terran
  • Spawn Location: 7:00

Astrea

  • Race: Protoss Protoss
  • League: Grandmaster
  • Spawn Location: 1:00

Event: DreamHack SC2 Masters 2020 Summer Season Finals

VOD

Have the link to the VOD?

Description

Time

  • Played on: July 17, 2020, 10:21 a.m.
  • Length: 18:14
Show
View Real Time Build Order
Export as new Build Order

Maru Terran - Winner!

Build Orders:  

Get SALT Encoding   

  12  0:00  SCV  
  13  0:12  SCV  
  14  0:18  Supply Depot  
  14  0:25  SCV  
  15  0:40  SCV  
  16  0:44  Barracks  
  16  0:46  Refinery  
  16  0:53  SCV  
  16  0:54  Barracks  
  17  1:05  SCV  
  18  1:14  Engineering Bay  
  18  1:17  SCV  
  19  1:23  Engineering Bay  
  19  1:29  SCV  
  20  1:42  Orbital Command, Reaper  
  21  1:57  Command Center  
  21  2:04  Bunker  
  21  2:08  SCV  
  22  2:13  Supply Depot  
  22  2:16  Marine  
  23  2:28  Factory  
  23  2:35  Barracks Reactor, SCV  
  24  2:41  Refinery  
  24  2:47  SCV  
  24  2:59  SCV  
  25  3:10  Orbital Command  
  25  3:11  SCV  
  26  3:13  Starport  
  26  3:14  Marine x2, Hellion  
  30  3:23  SCV  
  31  3:32  Supply Depot, Marine x2  
  33  3:35  Widow Mine, SCV  
  33  3:39  SCV  
  37  3:47  SCV  
  38  3:49  Medivac  
  38  3:51  Marine, SCV  
  38  3:52  Marine  
  43  3:56  Widow Mine  
  43  4:00  SCV  
  46  4:03  Supply Depot  
  46  4:05  SCV  
  47  4:12  SCV  
  48  4:17  SCV  
  48  4:19  Starport Tech Lab, Factory Tech Lab  
  48  4:24  Marine x2, SCV  
  48  4:29  Command Center  
  48  4:31  SCV  
  51  4:38  Siege Tank  
  54  4:40  Raven  
  54  4:41  SCV  
  54  4:43  SCV  
  54  4:44  Supply Depot  
  58  4:53  SCV  
  58  4:55  Barracks x2  
  58  4:59  Marine x2  
  61  5:03  Refinery, SCV  
  62  5:09  Supply Depot  
  62  5:11  Siege Tank  
  62  5:14  SCV  
  66  5:16  SCV  
  66  5:18  Marine x2  
  69  5:26  Engineering Bay, SCV  
  69  5:27  Engineering Bay  
  70  5:30  SCV  
  71  5:36  Refinery  
  71  5:37  Supply Depot  
  71  5:38  SCV  
  71  5:40  Orbital Command  
  73  5:42  SCV  
  73  5:49  Stimpack  
  73  5:50  Marauder x2, SCV  
  73  5:56  Terran Infantry Weapons Level 1, Terran Infantry Armor Level 1  
  78  6:00  Starport Reactor  
  78  6:04  Marine x2  
  78  6:05  Factory Reactor  
  78  6:08  SCV  
  81  6:11  Marine x2  
  81  6:15  SCV  
  80  6:19  Combat Shield  
  80  6:20  SCV  
  79  6:26  Marine x2  
  79  6:28  Barracks  
  79  6:29  Barracks  
  79  6:30  Marauder x2  
  79  6:31  Orbital Command  
  79  6:32  SCV  
  86  6:33  SCV  
  86  6:34  Supply Depot  
  86  6:39  Medivac x2  
  91  6:42  Missile Turret  
  91  6:44  Widow Mine x2  
  95  6:48  Marine  
  95  6:49  Marine  
  95  6:50  SCV  
  95  6:51  SCV  
  99  6:57  SCV  
  99  7:01  Supply Depot x2  
  100  7:02  SCV  
  100  7:05  Missile Turret  
  100  7:06  Marauder x2, Marine x2  
  100  7:08  SCV  
  108  7:13  Missile Turret  
  108  7:15  Supply Depot  
  108  7:21  Barracks Reactor, Barracks Tech Lab  
  108  7:22  Medivac x2  
  112  7:24  Supply Depot  
  112  7:25  SCV x3  
  112  7:27  Widow Mine  
  117  7:31  Armory  
  117  7:37  SCV x2  
  117  7:38  Supply Depot  
  117  7:39  Concussive Shells  
  117  7:40  Supply Depot, Marauder  
  117  7:41  Marauder  
  117  7:43  Marauder  
  125  7:44  SCV  
  125  7:49  SCV x2  
  128  7:53  Widow Mine x2  
  128  7:55  Refinery  
  128  7:56  Refinery  
  128  7:57  Marine, SCV  
  134  8:02  Supply Depot  
  134  8:03  Medivac x2  
  138  8:05  Marine  
  138  8:06  Marauder  
  141  8:15  Widow Mine x2  
  141  8:16  SCV x2  
  141  8:19  Marauder, Marine x2  
  152  8:20  Marauder, Marine  
  152  8:26  Supply Depot  
  154  8:27  Marauder  
  154  8:30  Terran Infantry Weapons Level 2  
  152  8:36  Marine  
  152  8:37  Marine  
  152  8:40  Marine x2  
  152  8:41  Marauder x2  
  150  8:45  Medivac x2  
  150  8:47  SCV  
  152  8:49  Marauder  
  152  8:51  SCV x2  
  151  9:02  Marauder x2  
  151  9:03  Terran Infantry Armor Level 2  
  150  9:10  Command Center  
  150  9:17  Viking x2  
  150  9:19  Starport  
  152  9:27  Marauder, Marine x2  
  152  9:28  Marauder x2  
  155  9:39  Ghost Academy  
  155  9:43  Marine  
  152  9:49  Marauder  
  147  10:01  Marine x3  
  147  10:02  Marauder x2, Marine, Viking x2  
  147  10:04  Widow Mine, Viking x2  
  161  10:10  Marauder  
  163  10:22  Ghost x2  
  163  10:23  Supply Depot  
  169  10:31  Ghost  
  166  10:37  Marine x3  
  166  10:41  Viking x2  
  155  10:50  Viking x2  
  155  10:51  Ghost x2  
  155  10:53  Marine  
  155  10:55  Marine  
  162  11:00  Marauder  
  160  11:05  Barracks x2  
  160  11:06  Barracks  
  160  11:17  Viking x2  
  162  11:19  Marine x3  
  162  11:20  Marauder x2  
  162  11:21  Marauder  
  162  11:22  SCV x2  
  162  11:24  Planetary Fortress  
  173  11:33  Medivac  
  173  11:34  Medivac  
  177  11:42  Marauder, Supply Depot  
  179  11:47  Medivac  
  170  11:56  Marauder, Marine  
  170  12:01  Ghost  
  169  12:02  Marine x3, Ghost  
  169  12:06  Viking x2  
  180  12:13  Marine  
  181  12:17  Ghost  
  181  12:22  Viking x2  
  177  12:23  Marine x3  
  180  12:30  Marauder  
  180  12:31  Marauder, Marine  
  180  12:36  Viking  
  187  12:40  Barracks Reactor, Barracks Tech Lab x2  
  187  12:41  Marine x2  
  189  12:46  Supply Depot, Marauder  
  189  12:50  Missile Turret  
  191  12:51  Marauder  
  191  12:53  Marauder  
  191  12:55  Sensor Tower  
  193  13:06  Command Center  
  193  13:07  Marauder  
  193  13:12  Ghost  
  195  13:16  Refinery x2  
  195  13:19  Terran Infantry Armor Level 3, Terran Infantry Weapons Level 3  
  197  13:25  Marine, Terran Ship Weapons Level 1  
  197  13:26  Marine x2  
  191  13:48  Marine, Ghost x3  
  191  13:49  Marauder  
  182  14:05  Marine x2  
  182  14:06  Marauder  
  182  14:07  Marine x2  
  152  14:10  Marauder  
  152  14:11  Medivac x3  
  152  14:15  Marine x2  
  154  14:17  Marauder x3  
  154  14:23  Marine x2  
  162  14:25  Marine  
  162  14:27  Marauder  
  164  14:32  Marauder  
  164  14:34  Marine x2  
  170  14:38  Marauder  
  170  14:39  Marauder x2  
  174  14:46  Marine  
  174  14:47  Marine x2  
  174  14:49  Marauder  
  179  14:53  Marauder  
  179  14:55  Marine  
  179  14:56  Personal Cloaking  
  179  14:59  Fusion Core  
  184  15:00  Marauder x3  
  184  15:01  SCV  
  184  15:02  SCV  
  184  15:04  Marine x3  
  193  15:10  Marauder  
  193  15:14  Marauder  
  193  15:17  Command Center  
  180  15:29  Marauder x2, Marine x2  
  180  15:33  Marauder x2, Marine x2  
  177  15:54  Marine x2  
  177  15:55  Marauder x2  
  183  15:58  Marine x2  
  183  15:59  Marauder x3, Marine  
  192  16:07  Command Center  
  173  16:11  Orbital Command, Marine  
  173  16:16  Marauder x2  
  173  16:20  Ghost x2  
  175  16:37  Marine x2  
  175  16:38  Marauder x2  
  180  16:47  Marine x3  
  180  16:48  Marauder  
  180  16:49  Marauder x2  
  180  16:52  Marine  
  177  16:55  Marine  
  177  16:57  Medivac  
  177  16:58  Marine  
  177  16:59  Marauder x2  
  166  17:07  Marine  
  166  17:08  Marine x2  
  164  17:09  Marauder, Marine  
  164  17:10  Medivac x2  
  164  17:11  Marauder x2  
  176  17:16  Medivac  
  176  17:18  Marine x2  
  176  17:20  Marauder  
  176  17:21  Marauder  
  183  17:26  Marine  
  170  17:31  Marauder  
  170  17:32  Marauder, Medivac  
  172  17:40  Medivac x2  
  178  17:51  Marine x2  
  178  17:52  Marauder x2  
Show
View Real Time Build Order
Export as new Build Order

Astrea Protoss 

Build Orders: 1 Gate Expand, Blink Stalkers 

Get SALT Encoding   

  12  0:01  Probe  
  13  0:13  Probe  
  14  0:17  Pylon  
  14  0:24  Probe  
  15  0:32  Probe  
  15  0:37  Gateway  
  15  0:40  Probe  
  16  0:49  Assimilator  
  17  0:51  Probe  
  18  1:03  Probe  
  19  1:15  Probe  
  20  1:28  Probe  
  20  1:32  Cybernetics Core  
  21  1:40  Nexus  
  21  1:47  Pylon  
  21  1:51  Probe  
  22  1:56  Assimilator  
  22  1:59  Adept  
  22  2:03  Probe  
  23  2:09  Warp Gate  
  23  2:15  Probe  
  26  2:19  Stalker  
  26  2:27  Probe  
  29  2:39  Probe  
  29  2:42  Twilight Council  
  30  2:51  Probe  
  30  2:52  Probe  
  32  2:59  Stalker  
  32  3:00  Probe  
  32  3:02  Blink  
  32  3:03  Probe  
  36  3:13  Probe  
  36  3:16  Probe  
  36  3:17  Gateway  
  38  3:25  Probe  
  39  3:28  Probe  
  39  3:31  Pylon  
  40  3:37  Probe  
  40  3:40  Probe  
  42  3:42  Robotics Facility  
  42  3:49  Probe  
  42  3:52  Probe  
  44  3:59  Sentry  
  44  4:01  Probe  
  47  4:05  Probe  
  48  4:11  Nexus  
  48  4:13  Probe  
  48  4:21  Probe  
  48  4:22  Pylon  
  47  4:25  Observer, Probe  
  47  4:27  Assimilator  
  47  4:29  Stalker x2  
  47  4:31  Assimilator  
  52  4:33  Probe  
  52  4:36  Observer  
  54  4:40  Probe  
  54  4:41  Pylon  
  54  4:43  Observer  
  55  4:47  Probe  
  55  4:51  Probe  
  58  4:59  Probe x2  
  59  5:00  Gateway x2  
  59  5:03  Charge  
  59  5:07  Pylon  
  60  5:08  Probe  
  60  5:10  Observer  
  60  5:11  Probe  
  62  5:17  Templar Archives  
  62  5:19  Probe  
  63  5:22  Probe  
  63  5:24  Robotics Bay  
  63  5:26  Probe  
  65  5:30  Probe  
  65  5:31  Probe  
  67  5:37  Observer  
  67  5:38  Probe  
  67  5:40  Probe  
  67  5:41  Forge x2  
  70  5:43  Probe  
  70  5:45  Sentry  
  73  5:50  Observer, Probe  
  73  5:52  Probe  
  73  5:55  Probe  
  76  5:58  Pylon  
  76  6:02  Probe  
  77  6:04  Nexus, Probe  
  77  6:07  Probe  
  79  6:13  Protoss Ground Weapons Level 1  
  79  6:14  Probe  
  79  6:16  Probe  
  74  6:19  Probe  
  74  6:22  Stalker x4  
  83  6:26  Probe  
  83  6:28  Probe  
  83  6:31  Probe  
  84  6:33  Protoss Ground Armor Level 1  
  84  6:38  Probe  
  85  6:40  Probe  
  85  6:43  Probe  
  87  6:47  Observer  
  87  6:50  Sentry, Probe  
  87  6:52  Assimilator  
  87  6:53  Assimilator, Probe  
  87  6:54  Extended Thermal Lance  
  91  6:55  Probe  
  91  6:58  Colossus  
  98  7:02  Probe  
  98  7:05  Gateway, Probe  
  98  7:06  Gateway  
  98  7:08  Probe  
  101  7:16  Probe  
  101  7:17  Probe  
  101  7:19  Pylon  
  103  7:25  Gateway x2, Probe x2  
  103  7:26  Templar Archives  
  103  7:28  Probe  
  106  7:30  Probe  
  106  7:32  Pylon  
  106  7:37  Probe x2  
  109  7:38  Colossus  
  109  7:40  Probe  
  109  7:42  Probe  
  111  7:44  Gateway  
  111  7:45  Gateway  
  111  7:49  Probe  
  112  7:52  Observer  
  112  7:54  Stalker x4  
  126  7:59  Pylon  
  126  8:02  Pylon  
  126  8:07  Zealot x2, Pylon  
  126  8:11  Photon Cannon  
  126  8:12  Shield Battery  
  128  8:23  Colossus  
  128  8:25  Zealot x6  
  140  8:29  Zealot x2  
  140  8:40  Stalker x2  
  142  8:49  Protoss Ground Armor Level 2, Protoss Ground Weapons Level 2  
  142  8:51  Sentry x2  
  142  8:52  Stalker x6  
  142  9:07  Zealot x2  
  146  9:13  Observer  
  146  9:16  Zealot x6  
  156  9:23  Warp Prism  
  146  9:32  Zealot x4  
  146  9:38  Zealot x3  
  156  9:42  Probe x3  
  156  9:44  Stalker x2  
  156  9:45  Stalker  
  151  9:52  Probe  
  151  9:54  Stalker x2, Probe  
  151  9:57  Observer  
  151  9:59  Probe x2, Pylon x2  
  156  10:00  Zealot x2  
  142  10:08  Zealot x6  
  148  10:17  Probe x2  
  147  10:25  Stalker x4  
  143  10:38  Probe x4  
  143  10:39  Stalker x4  
  148  10:50  Probe  
  148  10:53  Warp Prism  
  145  10:57  Stalker x5  
  153  11:04  Probe x3  
  154  11:11  Stalker x2  
  154  11:17  Probe x2  
  154  11:18  Probe  
  153  11:25  High Templar  
  153  11:26  High Templar x4  
  153  11:30  High Templar  
  164  11:33  Archon x2, Pylon  
  164  11:34  Archon  
  164  11:36  Pylon x2  
  153  11:57  High Templar  
  153  11:58  High Templar, Zealot x7  
  153  11:59  Disruptor  
  153  12:00  Probe  
  153  12:01  Probe x3  
  171  12:08  Archon  
  171  12:12  Robotics Facility  
  171  12:13  Probe  
  171  12:15  Probe x3  
  177  12:19  Stalker x2  
  179  12:24  Gravitic Drive  
  179  12:25  Protoss Ground Armor Level 3  
  179  12:28  Probe x2  
  179  12:31  Assimilator  
  179  12:37  Zealot x4  
  187  12:47  Disruptor, Protoss Ground Weapons Level 3, Pylon  
  187  12:48  Pylon  
  188  12:59  Disruptor  
  188  13:03  Pylon  
  188  13:05  Pylon  
  188  13:07  Pylon  
  191  13:15  Nexus  
  191  13:24  Zealot x2  
  195  13:28  Disruptor  
  194  13:35  Pylon  
  194  13:40  Zealot x4  
  183  13:48  Zealot x3  
  183  13:49  Zealot  
  183  13:53  Disruptor  
  176  14:03  Zealot x4  
  176  14:07  Zealot  
  126  14:17  Zealot  
  126  14:18  Zealot x4  
  134  14:25  Disruptor  
  134  14:29  Probe  
  134  14:30  Probe x4  
  140  14:35  Sentry x2  
  140  14:37  High Templar  
  140  14:38  High Templar x3  
  148  14:42  Archon x2, Probe x5  
  153  14:48  Gravitic Boosters  
  153  14:54  Probe x4  
  153  14:56  High Templar x2  
  153  14:59  Shield Battery, Probe  
  162  15:01  Unknown, Archon, Shield Battery  
  162  15:05  Disruptor  
  145  15:32  Disruptor  
  145  15:33  Disruptor  
  121  15:45  Protoss Shields Level 1  
  118  15:50  Stalker, Zealot x3  
  118  15:51  Zealot x6  
  138  15:57  Disruptor  
  138  15:58  Disruptor  
  138  16:00  Gateway  
  138  16:01  Gateway  
  136  16:21  Sentry, Stalker x7  
  136  16:22  Zealot x2  
  157  16:43  Zealot x2  
  157  16:44  Zealot x8  
  164  16:53  Probe x4  
  135  17:03  Stalker, Zealot x3  
  135  17:04  Zealot x7  
  135  17:05  Probe x2, Zealot  
  118  17:26  Stalker x11  
  118  17:28  Observer  
  132  17:35  Pylon  
  131  17:42  Assimilator x2  
  129  17:52  Nexus  
  129  17:57  Sentry, Zealot x3  
Tags
 
Add a new tag
Caveats
  • Supply blocks, unpowered buildings, or Contaminate may cause inaccurate times.
  • Supply counts are checked every 10 seconds.